[Event "Late-Titled-Tuesday-Blitz-August-29-2023"]
[Site "Chess.com"]
[Date "2023.08.29"]
[Round "6"]
[White "Tejas_Rama"]
[Black "Matibar"]
[Result "0-1"]
[WhiteElo "2546"]
[BlackElo "2831"]
[TimeControl "180+1"]
[EndTime "15:07:27 PDT"]
[Termination "Matibar won by resignation"]

1. d4 e6 2. c4 Nf6 3. Nf3 Bb4+ 4. Bd2 Qe7 5. e3 O-O 6. Bd3 d5 7. Bxb4 Qxb4+ 8. Qd2 Qe7 9. cxd5 exd5 10. O-O c6 11.
Nc3 Re8 12. Ne5 Nbd7 13. f4 Nb6 14. Kh1 a5 15. Rf3 a4 16. a3 Be6 17. Rg1 Nc8 18.
f5 Bd7 19. g4 Nd6 20. Qg2 Nfe4 21. Bxe4 Nxe4 22. f6 gxf6 23. Nxe4 dxe4 24. Rxf6 Qxf6 25. Rf1 Qxe5 26. dxe5 Rxe5 27. Qf2 Be6 28. Qf4 Rd5 29. Rf2 Rad8 30. Kg2 Rd2 31. Kg3 Rxf2 32. Qxf2 Rd5 33. Qc2 Rg5 34. h3 h5 35. Qxa4 hxg4 36. hxg4 Rxg4+ 37. Kf2 Kg7 38. Qa8 Rg5 39. a4 Rf5+ 40. Ke1 Rf3 41. Kd2 Rf2+ 42. Kc3 Re2 43. Kd4 Rxb2 44. Kxe4 Rb4+ 45. Kf3 Bd5+ 46. Ke2 Bb3 47. a5 Bc4+ 48. Kf2 Rb5 49. Qd8 Rf5+ 50. Ke1 Rd5 51. Qh4 Ba6 52. Qg4+ Kf6 53. Qf4+ Ke7 54. Qb4+ Ke6 55. e4 Rb5 56.
Qc4+ Ke7 57. Qc3 f6 58. Kf2 Re5 59. Ke3 c5 60. Qb3 Re6 61. Kf4 Re5 62. Qh3 Kd6 63. Qh6 Re6 64. Qf8+ Kd7 65. Qxc5 Rc6 66. Qd5+ Rd6 67. Qf7+ Kc6 68. Ke3 Kb5 69. Qa2 Rc6 70. Qa3 Rc4 71. Kf4 Kc6 72. Qa2 Kd6 73. Kf5 Ke7 74. Qa3+ Kf7 75. Qa2 Ke7 76. Qd2 Rc5+ 77. Kg6 Re5 78. Qb4+ Ke6 79. Qb6+ Kd7 80. Kxf6 Rxe4 81.
Qb3 Rc4 82. Qd3+ Kc6 83. Qf3+ Kb5 84. Qa3 Ra4 85. Qb3+ Kxa5 86. Ke5 Rb4 87. Qa3+ Kb5 88. Qd3+ Kb6 89. Qe3+ Kc6 90. Qc3+ Kb5 91. Qd3+ Kb6 92. Kd6 Bxd3 0-1

[Event "Late-Titled-Tuesday-Blitz-August-29-2023"]
[Site "Chess.com"]
[Date "2023.08.29"]
[Round "6"]
[White "CheckBits"]
[Black "Michalczak"]
[Result "1-0"]
[WhiteElo "2409"]
[BlackElo "2500"]
[TimeControl "180+1"]
[EndTime "15:07:44 PDT"]
[Termination "CheckBits won by resignation"]

1. e4 e5 2. Nf3 Nc6 3. Bc4 Nf6 4. d3 Bc5 5. a4 a6 6. O-O d6 7. h3 h6 8. Re1 Ba7 9. Nbd2 O-O 10. Nf1 Be6 11.
Ng3 Re8 12. Bxe6 Rxe6 13. Be3 Bxe3 14. Rxe3 Re8 15. d4 exd4 16. Nxd4 Nxd4 17. Qxd4 Re5 18. a5 Qd7 19. Rb3 Rb5 20. Raa3 Re8 21. Qc4 c6 22.
Rxb5 axb5 23. Qd4 Qe6 24. a6 c5 25. Qd3 b4 26. Ra5 bxa6 27. Rxa6 Nxe4 28. Kh2 c4 29. Qd4 Nxg3 30. fxg3 Qe5 31. Qxc4 Qxb2 32. Rxd6 Qb1 33.
Rd7 Rf8 34. Rb7 Qe1 35. Rxb4 Rd8 36. Rb7 Qf2 37. Qe4 g6 38. c4 Rd1 39. Qe8+ Kg7 40. Qe5+ Qf6 41. Qxf6+ Kxf6 42. c5 Rc1 43. Rc7 Ke6 44.
c6 h5 45. Rc8 Ke7 46. h4 Rc3 47. c7 Rc4 48. Kg1 Rc2 49. Kf1 Rc3 50. Kf2 Rc2+ 51.
Ke3 Kd7 52. Rf8 Kxc7 53. Rxf7+ Kd8 54. Rf6 Rxg2 55. Rxg6 Ke7 56. Kf4 Rg1 57. Rg5 Rf1+ 58. Ke3 Rg1 59. Kf2 Ra1 60. Rxh5 Ra2+ 61. Kf3 Kf6 62. Kg4 Kg6 63. Rg5+ Kh6 64. Kh3 Ra3 65. Rd5 Ra1 66. Rd6+ Kg7 67. Rd5 Kg6 68. Rg5+ Kh6 69. Rg4 Ra2 70. Rf4 Ra3 71. Kg4 Ra5 72. Rf6+ Kg7 73.
Rf5 Ra4+ 74. Rf4 Ra1 75. Rf5 Ra4+ 76. Kg5 Ra3 77. g4 Ra4 78. Re5 Rb4 79. h5 Kf7 80. Rf5+ Kg7 81. Rc5 Kf7 82. Rc7+ Kg8 83. Kg6 Rb6+ 84.
Kg5 Rb5+ 85. Kh4 Rb4 86. Rd7 Rc4 87. Rd6 Kg7 88. Rg6+ Kh7 89. Rf6 Rc1 90. Rf5 Rc4 91.
Kg5 Ra4 92. Rf7+ Kg8 93. Re7 Kf8 94. Re6 Kf7 95. Rd6 Kg7 96. Rd7+ Kg8 97. h6 Ra5+ 98. Kh4 Ra6 99. g5 Ra4+ 100. Kh5 Ra8 101. g6 Re8 102. h7+ Kh8 103. Kh6 Re7 104. Rd8+ 1-0

[Event "Late-Titled-Tuesday-Blitz-August-29-2023"]
[Site "Chess.com"]
[Date "2023.08.29"]
[Round "6"]
[White "Jahonas"]
[Black "S-Fazulyanov"]
[Result "1/2-1/2"]
[WhiteElo "2455"]
[BlackElo "2611"]
[TimeControl "180+1"]
[EndTime "15:08:43 PDT"]
[Termination "Game drawn by 50-move rule"]

1. d4 d5 2. Nd2 Nf6 3. g3 Bf5 4. Bg2 e6 5. Ngf3 Bd6 6. O-O O-O 7.
b3 h6 8. Bb2 a5 9. a4 c6 10.
Ne5 Nfd7 11. e4 Bh7 12. Nxd7 Nxd7 13. e5 Bb4 14. c3 Be7 15. Ba3 Bxa3 16. Rxa3 b5 17. Qe2 Qb6 18. axb5 cxb5 19. Rfa1 Rfc8 20. c4 bxc4 21. bxc4 Qxd4 22. cxd5 exd5 23. e6 Nf6 24. exf7+ Kxf7 25. Nf3 Qb4 26. Ne5+ Kg8 27. Nd7 Ne4 28. Ra4 Qd6 29. Bxe4 Bxe4 30. f3 Bc2 31. Ne5 Bxa4 32. Rxa4 Re8 33. f4 d4 34. Qc4+ Qe6 35. Qxd4 Rad8 36.
Qe4 Rd2 37. Qc4 Qxc4 38. Rxc4 Rb8 39. Rc1 a4 40. Ra1 a3 41. Nf3 Rc2 42. Ne1 Rcb2 43. Rxa3 Rb1 44. Re3 R8b3 45. Rxb3 Rxb3 46. Kf2 Kf7 47. h4 Rb2+ 48. Ke3 Kf6 49. g4 h5 50. gxh5 Kf5 51. Nf3 Rb3+ 52. Kf2 Kg4 53. Ng5 Kxf4 54. Ne6+ Kg4 55. Nxg7 Kxh4 56. Nf5+ Kxh5 57. Ne3 Kg5 58. Ke2 Kf4 59. Nd5+ Ke4 60. Nf6+ Kf5 61. Nd5 Ke5 62.
Ne3 Ke4 63. Nc4 Rc3 64. Nd2+ Kf4 65. Nf1 Rc2+ 66. Kd3 Ra2 67. Nd2 Ke5 68. Nc4+ Kd5 69. Ne3+ Kc5 70. Nc4 Ra8 71. Ne3 Ra4 72. Nc2 Ra2 73.
Ne3 Ra3+ 74. Ke4 Kc6 75. Nc2 Rc3 76. Ne3 Kc5 77. Nf5 Rh3 78. Ne3 Rh4+ 79. Kd3 Kb5 80.
Nc2 Rf4 81. Ne3 Kc5 82. Nc2 Rf3+ 83. Ke4 Rc3 84. Ne3 Kd6 85. Nf5+ Ke6 86. Ne3 Ra3 87.
Kd4 Ra4+ 88. Nc4 Kd7 89. Kd5 Kc7 90. Kc5 Ra1 91. Kd5 Rc1 92. Ne5 Kb6 93. Nd3 Rd1 94.
Kd4 Kb5 95. Ke4 Kc6 96. Ne5+ Kd6 97. Nd3 Ke6 98. Kd4 Kf5 99. Ke3 Ra1 100. Kd4 Ra4+ 101. Kd5 Ra3 102. Nc5 Ra5 103. Kd4 Kf4 104. Kd5 Kf5 105. Kd4 Rb5 106. Kd5 Rb4 1/2-1/2

[Event "Late-Titled-Tuesday-Blitz-August-29-2023"]
[Site "Chess.com"]
[Date "2023.08.29"]
[Round "6"]
[White "BozeKat"]
[Black "wild3000"]
[Result "1-0"]
[WhiteElo "2102"]
[BlackElo "2301"]
[TimeControl "180+1"]
[EndTime "15:08:51 PDT"]
[Termination "BozeKat won by checkmate"]

1. c4 c5 2. g3 h5 3. h4 d5 4.
cxd5 Qxd5 5. Nf3 Bg4 6. Bg2 Nc6 7. Nc3 Qd8 8. Qa4 Bd7 9. Qc2 Nd4 10. Nxd4 cxd4 11. Ne4 Rc8 12. Qb3 Bc6 13. O-O e6 14. d3 Be7 15. Bd2 Nf6 16. Rac1 Nxe4 17.
Bxe4 O-O 18. Bxc6 bxc6 19. Rc2 c5 20. Rfc1 Qb6 21. Bb4 Rb8 22. Bxc5 Bxc5 23. Rxc5 Qxb3 24. axb3 Rxb3 25. R1c2 Rfb8 26. Ra5 R8b7 27. Ra4 e5 28. Kf1 f6 29. f3 Kh7 30. Kf2 Kg6 31. Ra6 R3b6 32.
Rxb6 Rxb6 33. Rc7 a6 34. Ra7 Kh6 35. b4 g5 36. Ra8 Kg7 37. Ra7+ Kg6 38. Ra8 Kf5 39.
Ra7 g4 40. fxg4+ Kxg4 41. Rg7+ Kf5 42. Rh7 Rxb4 43. Rxh5+ Kg6 44. Rh8 a5 45. Ra8 a4 46.
Ra7 Kf5 47. Kf3 Ke6 48. Ra6+ Ke7 49. h5 Kf7 50. Ra7+ Ke6 51. h6 Rb1 52. Rxa4 Rh1 53. Ra7 Rxh6 54. Ra6+ Kf5 55. Ra7 Rh1 56. Ra8 Rf1+ 57.
Kg2 Re1 58. Kf2 Rh1 59. Ra2 Kg4 60. Ra6 Rh2+ 61. Ke1 Rh6 62. Kf2 Rg6 63. Ra4 f5 64.
Ra8 Re6 65. Rg8+ Kh5 66. Rg7 Kh6 67. Rg8 Kh7 68. Rg5 Rf6 69. Kf3 Kh6 70. Rg8 Kh7 71.
Rg5 Rf8 72. g4 fxg4+ 73. Kxg4 Re8 74. Kf3 Kh6 75. Rg1 Kh5 76. Ke4 Kh6 77. Kf5 Kh7 78. Ke4 Kh6 79. Rg3 Kh5 80. Rg7 Kh6 81. Rg1 Kh5 82. Rf1 Kh4 83. Rf5 Rg8 84. Rxe5 Rg4+ 85. Kd5 Kg3 86. Re4 Rg8 87. Kxd4 Rd8+ 88. Ke3 Rf8 89.
d4 Ra8 90. Re5 Ra3+ 91. Ke4 Kg4 92. e3 Kg3 93. Rf5 Kg4 94. Rf4+ Kg5 95. Rf8 Ra7 96. d5 Re7+ 97. Kd4 Ra7 98. d6 Kg6 99. Kd5 Kg7 100. Rf4 Ra5+ 101. Ke6 Ra3 102. d7 Rxe3+ 103. Kd5 Re1 104. d8=Q Kg6 105. Rd4 Kf5 106. Qf8+ Kg6 107. Qf4 Re7 108. Qg4+ Kf7 109. Rf4+ Ke8 110. Qg8+ Kd7 111. Qg4+ Ke8 112. Rf6 Rd7+ 113. Ke5 Re7+ 114. Re6 Kf8 115. Rxe7 Kxe7 116. Qg7+ Ke8 117. Qh7 Kd8 118. Kd6 Kc8 119. Qc7# 1-0

[Event "Late-Titled-Tuesday-Blitz-August-29-2023"]
[Site "Chess.com"]
[Date "2023.08.29"]
[Round "7"]
[White "ArmanGhevondyanchess"]
[Black "Road2GM3000"]
[Result "1-0"]
[WhiteElo "2318"]
[BlackElo "2493"]
[TimeControl "180+1"]
[EndTime "15:10:33 PDT"]
[Termination "ArmanGhevondyanchess won by checkmate"]

1. Nf3 d5 2. d4 c6 3. g3 Nf6 4. Bg2 Bg4 5. O-O e6 6. Ne5 Bf5 7. c4 Nbd7 8. Nc3 Be7 9. b3 O-O 10. Bb2 Nxe5 11. dxe5 Nd7 12. cxd5 cxd5 13. e4 dxe4 14. Nxe4 Nc5 15. Nd6 Bxd6 16. exd6 Qd7 17. Qd4 Rac8 18. Qxg7# 1-0

[Event "Late-Titled-Tuesday-Blitz-August-29-2023"]
[Site "Chess.com"]
[Date "2023.08.29"]
[Round "7"]
[White "Sacbutt"]
[Black "Ducke13"]
[Result "0-1"]
[WhiteElo "2235"]
[BlackElo "2430"]
[TimeControl "180+1"]
[EndTime "15:10:42 PDT"]
[Termination "Ducke13 won by resignation"]

1. d4 Nf6 2. c3 g6 3. Bf4 Bg7 4. h3 b6 5. e3 Bb7 6. Nf3 d6 7.
Nbd2 Nbd7 8. Bd3 O-O 9. O-O Qe8 10. e4 e5 11. dxe5 dxe5 12. Bg5 h6 13. Bh4 g5 14.
Bg3 Nh5 15. Bxe5 Nxe5 16. Nxe5 Nf4 17. Ndf3 Bxe5 0-1

[Event "Late-Titled-Tuesday-Blitz-August-29-2023"]
[Site "Chess.com"]
[Date "2023.08.29"]
[Round "7"]
[White "h4parah5"]
[Black "SRob2003"]
[Result "1-0"]
[WhiteElo "2957"]
[BlackElo "2651"]
[TimeControl "180+1"]
[EndTime "15:11:33 PDT"]
[Termination "h4parah5 won by resignation"]

1. d4 Nf6 2. Nf3 d5 3. Bf4 c5 4. e3 Nc6 5. Nbd2 cxd4 6. exd4 Bg4 7. Bb5 a6 8. Bxc6+ bxc6 9. O-O e6 10. c4 Bd6 11. Bxd6 Qxd6 12. Qa4 Bxf3 13. Nxf3 dxc4 14.
Rac1 O-O 15. Rxc4 Rfc8 16. Rfc1 h6 17. Rxc6 Rxc6 18. Qxc6 Qd8 19. h3 Rb8 20. Qxa6 Qd5 21. Rc8+ Rxc8 22. Qxc8+ Kh7 23. Qc2+ g6 24. a4 Ne4 25. a5 1-0

[Event "Late-Titled-Tuesday-Blitz-August-29-2023"]
[Site "Chess.com"]
[Date "2023.08.29"]
[Round "7"]
[White "Jojo_898"]
[Black "Karttunen"]
[Result "0-1"]
[WhiteElo "2355"]
[BlackElo "2585"]
[TimeControl "180+1"]
[EndTime "15:11:50 PDT"]
[Termination "Karttunen won by resignation"]

1. e4 c6 2. d4 d5 3. Nc3 dxe4 4. Nxe4 Nf6 5. Ng3 e6 6. Nf3 c5 7. Bb5+ Bd7 8. Bd3 Bc6 9. Be3 Nbd7 10. Kf1 Be7 11.
h4 Qc7 12. Qd2 h6 13. c3 Bd6 14. Ne4 Nxe4 0-1

[Event "Late-Titled-Tuesday-Blitz-August-29-2023"]
[Site "Chess.com"]
[Date "2023.08.29"]
[Round "7"]
[White "DanielNaroditsky"]
[Black "Ramosha"]
[Result "1-0"]
[WhiteElo "3098"]
[BlackElo "2643"]
[TimeControl "180+1"]
[EndTime "15:11:59 PDT"]
[Termination "DanielNaroditsky won by checkmate"]

1. e4 c6 2. Nc3 d5 3. Qf3 dxe4 4.
Nxe4 Nf6 5. Bc4 Nbd7 6. d4 Nb6 7. Bd3 Qxd4 8. Ne2 Qd8 9. O-O Be6 10. Nf4 Bd5 11.
Nxd5 Nbxd5 12. c4 Nb6 13. Re1 e6 14. Bf4 Nxe4 15. Bxe4 Qf6 16. Bxc6+ bxc6 17. Qxc6+ Ke7 18. Bd6+ Kd8 19. Bc7+ Kc8 20. Bxb6+ Kb8 21. Qc7# 1-0

[Event "Late-Titled-Tuesday-Blitz-August-29-2023"]
[Site "Chess.com"]
[Date "2023.08.29"]
[Round "7"]
[White "Durarbayli"]
[Black "Rutricks"]
[Result "1-0"]
[WhiteElo "2898"]
[BlackElo "2623"]
[TimeControl "180+1"]
[EndTime "15:12:19 PDT"]
[Termination "Durarbayli won by resignation"]

1. e4 g6 2. d4 Bg7 3. Nc3 c6 4. f4 d5 5. e5 f6 6. h3 Nh6 7. g4 O-O 8. Nf3 fxe5 9. dxe5 e6 10. Bg2 c5 11. Ne2 Nc6 12. c3 Nf7 13. h4 b6 14.
g5 h5 15. gxh6 Nxh6 16. h5 Qe8 17. Ng3 Bb7 18. Ng5 Ne7 19. Nxe6 Nef5 20. Nxf5 Qxe6 21.
Nxh6+ Bxh6 22. hxg6 Bxf4 23. Bxf4 Rxf4 24. Qh5 1-0

[Event "Late-Titled-Tuesday-Blitz-August-29-2023"]
[Site "Chess.com"]
[Date "2023.08.29"]
[Round "7"]
[White "Berardino"]
[Black "Chessdemon2019"]
[Result "1-0"]
[WhiteElo "2687"]
[BlackElo "2404"]
[TimeControl "180+1"]
[EndTime "15:12:24 PDT"]
[Termination "Berardino won by resignation"]

1. d4 e6 2. c4 Nf6 3. Nc3 Bb4 4. e3 b6 5. Ne2 O-O 6. a3 Be7 7. Ng3 d5 8. cxd5 Nxd5 9. Bd3 Nd7 10. e4 Nxc3 11. bxc3 c5 12. O-O Bb7 13. e5 Re8 14. Re1 Nf8 15. Qg4 cxd4 16. cxd4 Rc8 17. Be3 Qd5 18. Ne4 Rc3 19. Nxc3 1-0

[Event "Late-Titled-Tuesday-Blitz-August-29-2023"]
[Site "Chess.com"]
[Date "2023.08.29"]
[Round "7"]
[White "Giorno"]
[Black "hsd2016"]
[Result "1-0"]
[WhiteElo "2471"]
[BlackElo "2260"]
[TimeControl "180+1"]
[EndTime "15:12:45 PDT"]
[Termination "Giorno won by resignation"]

1. e4 e5 2. Nf3 Nc6 3. Nc3 Nf6 4. Bb5 Bb4 5. O-O O-O 6. Bxc6 dxc6 7. Nxe5 Bxc3 8.
bxc3 Nxe4 9. Re1 Nf6 10. d3 h6 11. c4 Bf5 12. Rb1 Re8 13. Rxb7 Qd4 14. Bb2 Qf4 15. g3 Qg5 16. h4 1-0

[Event "Late-Titled-Tuesday-Blitz-August-29-2023"]
[Site "Chess.com"]
[Date "2023.08.29"]
[Round "7"]
[White "XDPS"]
[Black "Elsa167"]
[Result "0-1"]
[WhiteElo "2869"]
[BlackElo "2889"]
[TimeControl "180+1"]
[EndTime "15:12:52 PDT"]
[Termination "Elsa167 won by resignation"]

1. e4 e6 2. d4 d5 3. exd5 exd5 4. Bd3 Nf6 5. Nf3 Bd6 6. Qe2+ Be6 7. Ng5 Qe7 8. Nxe6 Qxe6 9. Qxe6+ fxe6 10. c3 O-O 11.
O-O Nbd7 12. g3 e5 13. dxe5 Nxe5 14. Bc2 Rae8 15. Kg2 Bc5 16. Nd2 Nfg4 17. Nb3 Bxf2 18. Bd2 Nc4 19. Kh3 Nxd2 20. Nxd2 Ne3 21. Rfc1 Re6 0-1

[Event "Late-Titled-Tuesday-Blitz-August-29-2023"]
[Site "Chess.com"]
[Date "2023.08.29"]
[Round "7"]
[White "Goffredo_Fofi"]
[Black "JoshuaGK27"]
[Result "1-0"]
[WhiteElo "2540"]
[BlackElo "2409"]
[TimeControl "180+1"]
[EndTime "15:13:00 PDT"]
[Termination "Goffredo_Fofi won by resignation"]

1. d4 Nf6 2. c3 d5 3. Bf4 c5 4. e3 Nc6 5. Nd2 Bf5 6. Ngf3 Qb6 7. Nh4 Bd7 8. Qb3 c4 9. Qc2 Nh5 10. Be2 Nxf4 11. exf4 e6 12. O-O Bd6 13. g3 Qd8 14. Nhf3 O-O 15. Rfe1 b5 16. Ne5 a5 17. Bf3 Qc7 18. Bg2 Rfe8 19. Ndf3 Nxe5 20. fxe5 Be7 21. h4 b4 22. Ng5 Bf6 23. Qxh7+ Kf8 24. exf6 1-0

[Event "Late-Titled-Tuesday-Blitz-August-29-2023"]
[Site "Chess.com"]
[Date "2023.08.29"]
[Round "7"]
[White "nitpicker"]
[Black "cthake"]
[Result "1-0"]
[WhiteElo "2296"]
[BlackElo "1866"]
[TimeControl "180+1"]
[EndTime "15:13:05 PDT"]
[Termination "nitpicker won by resignation"]

1. d4 e6 2. c4 f5 3. Nf3 Nf6 4. Qc2 Be7 5. b3 O-O 6. g3 d6 7. Bg2 Nc6 8. Bb2 Qe8 9. O-O Nb4 10. Qc1 Ne4 11. a3 Na6 12. Nfd2 d5 13. f3 Nxd2 14.
Nxd2 Bf6 15. e4 dxe4 16. fxe4 Nc5 17. dxc5 Bxb2 18. Qxb2 c6 19. Rae1 Qg6 20. Nf3 fxe4 21. Ne5 Qe8 22. Bxe4 Rxf1+ 23. Rxf1 1-0

[Event "Late-Titled-Tuesday-Blitz-August-29-2023"]
[Site "Chess.com"]
[Date "2023.08.29"]
[Round "7"]
[White "Irishchessman16"]
[Black "Aygehovit1992"]
[Result "0-1"]
[WhiteElo "2493"]
[BlackElo "2717"]
[TimeControl "180+1"]
[EndTime "15:13:17 PDT"]
[Termination "Aygehovit1992 won by resignation"]

1. e4 c5 2. Nf3 d6 3. d4 cxd4 4. Nxd4 Nf6 5. Nc3 g6 6. g3 Nc6 7. Bg2 Nxd4 8. Qxd4 Bg7 9. O-O O-O 10. h3 Be6 11. Qd1 Rc8 12. Be3 Qa5 13. Nd5 Nxd5 14. exd5 Bf5 15. c3 b5 16. Qb3 Rc7 17. Rfd1 Rb8 18.
a3 Qa4 19. Qa2 Bc2 20. Rd2 Bb3 21. Qb1 a5 22. Bd4 Bxd4 23. Rxd4 Rc4 24. Rd3 Bc2 25. Qf1 Bxd3 26. Qxd3 Qb3 27. Re1 Rc7 28. Re2 b4 0-1

[Event "Late-Titled-Tuesday-Blitz-August-29-2023"]
[Site "Chess.com"]
[Date "2023.08.29"]
[Round "7"]
[White "TanitoluwaAps116"]
[Black "LeninGuerra"]
[Result "1-0"]
[WhiteElo "2775"]
[BlackElo "2548"]
[TimeControl "180+1"]
[EndTime "15:13:20 PDT"]
[Termination "TanitoluwaAps116 won by checkmate"]

1. e4 c5 2. Nf3 e6 3. c3 b6 4. d4 cxd4 5. cxd4 Bb7 6. Nc3 Nf6 7. Bd3 d6 8. O-O Be7 9. Re1 O-O 10. Bf4 a6 11. Rc1 Nbd7 12. e5 dxe5 13. Nxe5 Nxe5 14.
Bxe5 Nd5 15. Nxd5 Bxd5 16. Re3 Bg5 17. Qh5 g6 18. Qh3 Bxe3 19. fxe3 f6 20. Rc7 h5 21.
Qg3 g5 22. Qxg5+ fxg5 23. Bh7# 1-0

[Event "Late-Titled-Tuesday-Blitz-August-29-2023"]
[Site "Chess.com"]
[Date "2023.08.29"]
[Round "7"]
[White "NovikovaGalina"]
[Black "Tejas_Rama"]
[Result "0-1"]
[WhiteElo "2414"]
[BlackElo "2551"]
[TimeControl "180+1"]
[EndTime "15:13:22 PDT"]
[Termination "Tejas_Rama won by resignation"]

1. e4 c5 2. Nf3 d6 3. d4 cxd4 4. Nxd4 Nf6 5. Nc3 Nc6 6. h3 e5 7. Nb3 Be6 8. Bg5 Be7 9. g4 Nxe4 10. Nxe4 Bxg5 11. Nxg5 Qxg5 12. Qxd6 Rd8 13. Qa3 Bxb3 14. Bd3 Bxc2 15. Bxc2 Qd2+ 16. Kf1 Qxc2 17. Kg1 Rd1+ 18.
Rxd1 Qxd1+ 19. Kg2 Qd5+ 20. Kh2 h5 21. g5 e4 22. Re1 Qe5+ 23. Kg2 Qxg5+ 24. Kf1 Qb5+ 25. Kg1 f5 26. Qd6 Qe5 27. Qa3 Rh6 28. Qb3 Rg6+ 29. Kf1 Nd4 30. Qg8+ Ke7 31. Rc1 Qh2 32. Rc7+ Qxc7 0-1

[Event "Late-Titled-Tuesday-Blitz-August-29-2023"]
[Site "Chess.com"]
[Date "2023.08.29"]
[Round "7"]
[White "SHIVACalypso"]
[Black "jk13"]
[Result "0-1"]
[WhiteElo "2518"]
[BlackElo "2681"]
[TimeControl "180+1"]
[EndTime "15:13:29 PDT"]
[Termination "jk13 won by resignation"]

1. Nf3 d5 2. c4 e6 3. g3 Nf6 4. Bg2 dxc4 5. Qa4+ c6 6. Qxc4 b5 7. Qc2 Bb7 8. O-O a6 9. d4 Nbd7 10. Bf4 c5 11. dxc5 Bxc5 12. Nc3 Rc8 13. a3 O-O 14. Rad1 Qb6 15. Ne5 Nxe5 16. Bxe5 Bxg2 17. Kxg2 Ng4 18. Qe4 Nxf2 19. Rxf2 Bxf2 20. Qg4 f6 21. Rd7 Qc6+ 22. Kxf2 Qxd7 23. Bf4 Rc4 24. Qf3 Qc6 25. Qd3 Qc5+ 26. Be3 Qf5+ 0-1

[Event "Late-Titled-Tuesday-Blitz-August-29-2023"]
[Site "Chess.com"]
[Date "2023.08.29"]
[Round "7"]
[White "HenriL"]
[Black "Andrei_Skvortsov"]
[Result "1-0"]
[WhiteElo "2523"]
[BlackElo "2648"]
[TimeControl "180+1"]
[EndTime "15:13:32 PDT"]
[Termination "HenriL won by resignation"]

1. d4 g6 2. c4 Bg7 3. Nc3 e6 4. e4 Ne7 5. Be2 d5 6. Nf3 O-O 7. O-O Nd7 8. Bg5 f6 9. Be3 c6 10. Re1 h6 11. exd5 exd5 12. cxd5 Nxd5 13. Nxd5 cxd5 14.
Qb3 Nb6 15. Bd3 f5 16. Bf4 g5 17. Be5 Bf6 18. a4 Be6 19. a5 Nc4 20. Bxf6 Qxf6 21.
Bxc4 dxc4 22. Qxb7 Rab8 23. Qc6 Rxb2 24. Rxe6 1-0

[Event "Late-Titled-Tuesday-Blitz-August-29-2023"]
[Site "Chess.com"]
[Date "2023.08.29"]
[Round "7"]
[White "subham777"]
[Black "ilushka"]
[Result "0-1"]
[WhiteElo "2513"]
[BlackElo "2391"]
[TimeControl "180+1"]
[EndTime "15:13:35 PDT"]
[Termination "ilushka won by checkmate"]

1. e4 c5 2. Nf3 Nc6 3. Bb5 g6 4. O-O Bg7 5. Re1 Nf6 6. c3 O-O 7.
d4 d5 8. e5 Ne4 9. Nbd2 Nxd2 10. Bxd2 Qb6 11. Bxc6 bxc6 12. Rb1 Bf5 13. dxc5 Qb7 14.
b4 Bxb1 15. Qxb1 a5 16. a3 axb4 17. axb4 Ra6 18. Nd4 Rfa8 19. f4 Ra2 20. Be3 Qd7 21.
Qd1 f6 22. e6 Qb7 23. f5 Qa6 24. fxg6 hxg6 25. Qg4 Ra1 26. Rxa1 Qxa1+ 27. Kf2 Ra2+ 28. Ne2 Qd1 29. h4 f5 30. Qf3 Bxc3 31. h5 Qe1# 0-1

[Event "Late-Titled-Tuesday-Blitz-August-29-2023"]
[Site "Chess.com"]
[Date "2023.08.29"]
[Round "7"]
[White "cthulhuuu"]
[Black "AlexOstrovskiy"]
[Result "0-1"]
[WhiteElo "2478"]
[BlackElo "2667"]
[TimeControl "180+1"]
[EndTime "15:13:42 PDT"]
[Termination "AlexOstrovskiy won by resignation"]

1. e4 c5 2. Nf3 d6 3. g3 g6 4. Bg2 Bg7 5. O-O Nc6 6. d3 Bg4 7. h3 Bxf3 8. Qxf3 e6 9. c3 Nge7 10. Be3 O-O 11. Qd1 Rc8 12. d4 cxd4 13. cxd4 d5 14. e5 Nf5 15. Nc3 f6 16. exf6 Qxf6 17. Bf4 Nfxd4 18. h4 Rce8 19. Re1 h6 20. Qd2 Kh7 21.
b4 Nf3+ 22. Bxf3 Qxc3 23. Qd1 Qxa1 24. Qxa1 Bxa1 25. Rxa1 e5 0-1

[Event "Late-Titled-Tuesday-Blitz-August-29-2023"]
[Site "Chess.com"]
[Date "2023.08.29"]
[Round "7"]
[White "kingofthenil"]
[Black "tptagain"]
[Result "1-0"]
[WhiteElo "2709"]
[BlackElo "2882"]
[TimeControl "180+1"]
[EndTime "15:13:44 PDT"]
[Termination "kingofthenil won by resignation"]

1. Nf3 d5 2. e3 c6 3. c4 e6 4.
b3 Nf6 5. Bb2 Be7 6. Nc3 O-O 7.
Qc2 b6 8. g4 Nxg4 9. Rg1 f5 10.
Ne2 Bf6 11. h3 Bxb2 12. Qxb2 Qf6 13. d4 Nh6 14. Nf4 Nd7 15. Nh5 Qf7 16. Rxg7+ Qxg7 17. Nxg7 Kxg7 18. O-O-O Nf7 19. Bd3 Nf6 20. Rg1+ Kh8 21. Qa3 Re8 22. Ne5 Nxe5 23. dxe5 Nh5 24. Qd6 Ba6 25. Qd7 dxc4 26. Bxc4 Bxc4 27. bxc4 Rf8 28.
Rg5 1-0

[Event "Late-Titled-Tuesday-Blitz-August-29-2023"]
[Site "Chess.com"]
[Date "2023.08.29"]
[Round "7"]
[White "Djager97"]
[Black "FeketeBarika"]
[Result "1-0"]
[WhiteElo "2576"]
[BlackElo "2351"]
[TimeControl "180+1"]
[EndTime "15:13:49 PDT"]
[Termination "Djager97 won by checkmate"]

1. e4 e6 2. d4 d5 3. Nc3 Nf6 4.
e5 Nfd7 5. Nce2 c5 6. c3 Nc6 7.
Nf3 Be7 8. a3 cxd4 9. cxd4 a5 10. Nf4 O-O 11. Bd3 g6 12. h4 Re8 13. h5 Nf8 14. Qc2 g5 15. Ng6 h6 16. Nxe7+ Qxe7 17. Be3 Bd7 18. Nh2 Rac8 19. Qd2 a4 20. Ng4 Kg7 21.
Nf6 Red8 22. Bxg5 Nxd4 23. Bxh6+ Kh8 24. Qg5 Nh7 25. Qg7# 1-0

[Event "Late-Titled-Tuesday-Blitz-August-29-2023"]
[Site "Chess.com"]
[Date "2023.08.29"]
[Round "7"]
[White "GGuseinov"]
[Black "IlanSchnaider"]
[Result "0-1"]
[WhiteElo "2854"]
[BlackElo "2717"]
[TimeControl "180+1"]
[EndTime "15:13:50 PDT"]
[Termination "IlanSchnaider won on time"]

1. e4 c5 2. Nc3 d6 3. Bb5+ Bd7 4. Bxd7+ Nxd7 5. d4 cxd4 6. Qxd4 Ngf6 7. f4 e5 8. Qf2 Rc8 9. Nf3 d5 10. exd5 e4 11. Qe2 Bb4 12. O-O Bxc3 13. bxc3 O-O 14. Ng5 h6 15. Nxe4 Re8 16. Nxf6+ Nxf6 0-1

[Event "Late-Titled-Tuesday-Blitz-August-29-2023"]
[Site "Chess.com"]
[Date "2023.08.29"]
[Round "7"]
[White "Rinqed222"]
[Black "kiwibobo"]
[Result "0-1"]
[WhiteElo "2226"]
[BlackElo "2371"]
[TimeControl "180+1"]
[EndTime "15:13:52 PDT"]
[Termination "kiwibobo won by resignation"]

1. e4 e5 2. Nf3 Nc6 3. Bc4 Nf6 4. d4 exd4 5. e5 d5 6. Bb5 Ne4 7. Nxd4 Bd7 8. Bxc6 bxc6 9. O-O Be7 10. f3 Nc5 11. f4 O-O 12. Nc3 f6 13. Be3 fxe5 14. fxe5 Bg5 15. Qd2 Bxe3+ 16. Qxe3 Qe7 17. b4 Ne6 18. a3 Rae8 19. Nf5 Rxf5 20. Rxf5 d4 21. Qf2 dxc3 22. Qxa7 Nd4 23. Rf2 Qxe5 24. Raf1 Bf5 25.
Qa4 Qe3 26. Kh1 Qxf2 0-1

[Event "Late-Titled-Tuesday-Blitz-August-29-2023"]
[Site "Chess.com"]
[Date "2023.08.29"]
[Round "7"]
[White "MYMChessAcademy"]
[Black "rikchessmx"]
[Result "0-1"]
[WhiteElo "2237"]
[BlackElo "2442"]
[TimeControl "180+1"]
[EndTime "15:13:55 PDT"]
[Termination "rikchessmx won by checkmate"]

1. e4 e5 2. Nf3 Nc6 3. Bc4 Bc5 4. d3 d6 5. c3 Qf6 6. a4 a6 7. b4 Ba7 8. O-O h6 9. h3 Nge7 10. Be3 O-O 11. Nbd2 Ng6 12. b5 Nce7 13. b6 Bxb6 14. Bxb6 cxb6 15. d4 Nf4 16. Re1 Bxh3 17. g3 Nfg6 18.
Nf1 Rac8 19. dxe5 dxe5 20. Bd3 Rxc3 21. N1h2 Rd8 22. Re3 Nf4 23. gxf4 exf4 24. e5 Qc6 25.
Bh7+ Kxh7 26. Qxd8 Qg6+ 27. Ng5+ Qxg5+ 28. Rg3 fxg3 29. fxg3 Qxg3+ 30. Kh1 Qg2# 0-1

[Event "Late-Titled-Tuesday-Blitz-August-29-2023"]
[Site "Chess.com"]
[Date "2023.08.29"]
[Round "7"]
[White "viktorskliarov"]
[Black "b_6"]
[Result "1-0"]
[WhiteElo "2700"]
[BlackElo "2484"]
[TimeControl "180+1"]
[EndTime "15:14:05 PDT"]
[Termination "viktorskliarov won by resignation"]

1. e4 c5 2. Nf3 e6 3. c3 Nf6 4. Bd3 d5 5. e5 c4 6. Bc2 Nfd7 7.
d4 cxd3 8. Bxd3 Nc6 9. Qe2 Nc5 10. Bc2 b6 11. b4 Nd7 12. O-O Be7 13. a3 O-O 14. c4 f6 15. cxd5 Ncxe5 16. dxe6 Nxf3+ 17. Qxf3 Ne5 18. Qxa8 Qc7 19. Qe4 g6 20. Bf4 Bb7 21. Bxe5 fxe5 22. Qe2 a5 23. Be4 Bc8 24. Qc2 Qd6 25.
Rd1 1-0